Map: King's Cove LE

Players

cyborg

  • Race: Terran Terran
  • League: Diamond
  • Spawn Location: 11:00

Lixy - Winner!

  • Race: Zerg Zerg
  • League: Platinum
  • Spawn Location: 5:00

VOD

Have the link to the VOD?

Description

Time

  • Played on: Feb. 1, 2019, 2:19 p.m.
  • Length: 15:48
Show
View Real Time Build Order
Export as new Build Order

cyborg Terran 

Build Orders:  

Get SALT Encoding   

  12  0:01  SCV  
  13  0:13  SCV  
  14  0:19  Supply Depot  
  14  0:25  SCV  
  15  0:41  SCV  
  16  0:45  Barracks  
  16  0:51  Supply Depot  
  16  1:02  SCV  
  17  1:14  SCV  
  18  1:29  SCV  
  19  1:37  Command Center  
  19  1:41  Orbital Command  
  19  1:50  Marine  
  20  1:56  Refinery  
  20  2:02  Supply Depot  
  20  2:14  Marine  
  21  2:20  SCV  
  22  2:28  Barracks  
  22  2:32  Marine  
  23  2:37  Refinery  
  23  2:48  SCV  
  23  2:50  Marine, Orbital Command  
  25  3:01  Supply Depot  
  25  3:02  Factory  
  25  3:05  SCV  
  26  3:08  Marine  
  27  3:16  Barracks Reactor  
  27  3:17  SCV  
  28  3:21  SCV  
  29  3:35  SCV x2  
  31  3:43  Factory  
  31  3:45  Orbital Command  
  31  3:47  SCV  
  32  3:59  SCV  
  32  4:02  Barracks Tech Lab, Starport  
  33  4:04  Supply Depot x2  
  37  4:11  SCV x2  
  35  4:30  Factory Tech Lab  
  35  4:32  Siege Tank  
  35  4:33  Marine x2  
  35  4:36  SCV  
  41  4:38  SCV  
  41  4:42  Barracks Tech Lab  
  42  4:48  SCV  
  42  4:51  SCV  
  42  4:52  Siege Tank  
  47  4:53  Starport Tech Lab  
  47  5:00  Supply Depot  
  47  5:01  SCV  
  47  5:02  Supply Depot  
  47  5:03  Command Center  
  47  5:18  Siege Tank  
  48  5:23  Orbital Command  
  45  5:33  Banshee  
  41  5:50  SCV  
  41  5:59  Orbital Command  
  41  6:02  SCV  
  42  6:14  SCV  
  42  6:17  Siege Tank  
  46  6:18  Marine x3  
  46  6:24  Refinery  
  49  6:26  Siege Tank  
  49  6:29  Refinery  
  49  6:31  SCV x2  
  54  6:33  Orbital Command  
  54  6:43  SCV  
  54  6:44  SCV  
  54  6:45  Marine x3  
  59  6:50  Stimpack  
  59  6:55  SCV  
  59  6:56  SCV  
  59  6:57  Banshee  
  64  7:08  SCV x2  
  66  7:09  Supply Depot x2  
  66  7:13  Siege Tank, Supply Depot  
  69  7:22  SCV  
  70  7:26  Supply Depot  
  70  7:27  SCV  
  70  7:28  Supply Depot, SCV  
  72  7:30  Marine x2  
  72  7:35  Orbital Command  
  74  7:44  SCV x2  
  76  7:48  Siege Tank x2  
  76  7:50  Refinery  
  76  7:51  Refinery  
  82  7:56  SCV x2  
  84  8:08  SCV  
  84  8:09  Banshee  
  84  8:10  SCV x2  
  90  8:16  Marine x3, Supply Depot  
  90  8:17  Supply Depot  
  90  8:18  Supply Depot x2  
  93  8:22  SCV  
  93  8:23  SCV  
  93  8:24  SCV  
  96  8:31  Supply Depot  
  96  8:32  Supply Depot  
  96  8:34  Marine, Supply Depot  
  97  8:37  Barracks  
  97  8:59  Combat Shield  
  97  9:02  Factory Tech Lab  
  97  9:11  Marauder, Marine  
  100  9:19  Medivac x2  
  100  9:23  Siege Tank x2  
  110  9:24  SCV x2  
  110  9:27  Barracks Reactor  
  110  9:29  Marine  
  113  9:32  Barracks  
  113  9:33  Marauder  
  113  9:34  Barracks  
  115  9:40  Barracks  
  115  9:41  Barracks  
  115  9:44  Barracks  
  115  9:47  Marauder  
  117  9:54  Marine  
  117  9:55  SCV x2  
  120  10:02  Supply Depot  
  120  10:04  Supply Depot  
  120  10:05  SCV  
  121  10:07  SCV x2  
  121  10:09  Marauder, Command Center  
  121  10:11  Marine  
  126  10:18  Siege Tank x2, SCV  
  126  10:19  SCV  
  126  10:20  Marine x2  
  136  10:23  Barracks Reactor x2  
  136  10:29  Marine  
  136  10:30  Marauder  
  139  10:37  Barracks Tech Lab  
  139  10:38  Barracks Tech Lab x2  
  139  10:41  Concussive Shells  
  139  10:45  Command Center  
  139  10:47  Marine  
  140  10:51  Marine  
  140  10:53  Engineering Bay x2  
  140  10:54  SCV x2  
  143  10:59  Armory  
  143  11:05  Marauder  
  145  11:13  Barracks Tech Lab  
  145  11:22  SCV x2  
  145  11:23  Orbital Command  
  147  11:32  Marauder, Marine x2  
  151  11:42  Marine x2  
  151  11:43  Marauder  
  151  11:45  Marine  
  151  11:46  Marauder  
  158  11:51  Marauder, Marine x4  
  158  11:53  Marine  
  164  12:00  Marine x2  
  166  12:03  Marine  
  166  12:04  Marauder  
  166  12:07  Marine  
  170  12:09  Marine  
  170  12:13  Marauder, Marine  
  174  12:27  Marine  
  174  12:28  Marauder, Marine x7  
  184  12:30  Marine  
  184  12:34  Marine  
  184  12:36  Medivac x2  
  164  12:45  Marine x3  
  164  12:46  Marine x5  
  164  12:48  Marine  
  164  12:49  Siege Tank, Marine, Supply Depot  
  167  12:52  Marine  
  148  13:03  Marine x3  
  148  13:04  Marauder x3, Marine x2  
  128  13:06  Marine  
  128  13:07  Marauder  
  128  13:09  Marine  
  128  13:11  Medivac  
  127  13:17  Terran Infantry Armor Level 1  
  126  13:21  Siege Tank, Marine x3  
  126  13:22  Marine x2  
  126  13:24  Marine  
  126  13:26  Marauder x3  
  136  13:27  Marine  
  136  13:28  Marine  
  123  13:39  Marine x4  
  108  13:42  Marine x2  
  108  13:46  Marauder x2  
  108  13:47  Marauder x2  
  105  13:56  Marine  
  105  13:57  Marine x3  
  105  13:58  Siege Tank  
  105  14:00  Marine x2  
  97  14:07  Marauder x2  
  97  14:09  Marauder x2  
  101  14:14  Marine x2  
  101  14:15  Marine x2  
  94  14:18  Marine  
  94  14:20  Marine  
  73  14:28  Marauder  
  73  14:29  Marine  
  73  14:30  Marauder  
  73  14:32  Marine x2  
  73  14:33  Marine  
  73  14:40  Marine  
  73  14:48  Marauder  
Show
View Real Time Build Order
Export as new Build Order

Lixy Zerg - Winner!

Build Orders: Pool First, Roach Hydra 

Get SALT Encoding   

  12  0:02  Drone  
  13  0:13  Overlord  
  13  0:18  Drone  
  14  0:31  Drone x2  
  14  0:35  Drone  
  17  0:57  Drone x2, Spawning Pool  
  18  1:08  Drone  
  19  1:18  Overlord  
  19  1:21  Extractor  
  18  1:36  Hatchery  
  17  1:44  Queen  
  19  1:47  Drone x2  
  21  1:56  Zergling x2  
  22  2:10  Drone  
  23  2:25  Lair  
  23  2:27  Roach Warren  
  22  2:30  Evolution Chamber  
  22  2:31  Drone x2, Extractor  
  22  2:43  Drone  
  23  2:44  Drone  
  23  2:49  Queen  
  23  2:50  Drone  
  27  2:54  Drone  
  28  2:59  Drone  
  28  3:01  Drone  
  28  3:04  Drone  
  31  3:06  Drone  
  31  3:10  Drone  
  33  3:14  Drone  
  34  3:23  Overlord  
  34  3:26  Drone  
  35  3:31  Drone  
  36  3:39  Overlord  
  36  3:45  Glial Reconstitution, Zerg Missile Weapons Level 1  
  36  3:50  Drone x2  
  38  3:59  Roach x2  
  38  4:00  Zergling x2, Roach  
  38  4:01  Zergling x2  
  46  4:04  Queen  
  46  4:09  Roach  
  50  4:11  Roach  
  50  4:14  Overlord  
  50  4:15  Overlord  
  52  4:34  Zergling x4, Roach x4  
  52  4:35  Zergling x4  
  64  4:52  Extractor  
  64  4:53  Drone x3, Extractor  
  64  4:54  Drone x2  
  67  5:13  Overlord x3  
  67  5:14  Overlord  
  52  5:43  Drone  
  52  5:44  Drone x3  
  52  5:45  Hatchery, Drone x2  
  52  5:46  Drone x2  
  59  5:50  Drone  
  59  5:51  Hydralisk Den  
  49  6:19  Zerg Missile Weapons Level 2  
  49  6:20  Hydralisk x2  
  49  6:21  Hydralisk x5  
  49  6:22  Zergling x6  
  49  6:23  Zergling x2  
  67  6:32  Metabolic Boost  
  69  6:47  Roach x7  
  69  6:48  Overlord x2  
  81  7:00  Drone x4  
  85  7:18  Drone x9  
  85  7:22  Queen  
  94  7:27  Muscular Augments  
  96  7:40  Drone x8  
  96  7:41  Drone  
  105  7:47  Spore Crawler  
  104  7:51  Spore Crawler  
  104  7:52  Drone x3  
  104  7:53  Drone x2  
  104  7:54  Spore Crawler, Extractor  
  104  7:56  Extractor  
  104  7:57  Spore Crawler  
  104  7:59  Roach  
  104  8:00  Roach x2  
  110  8:12  Drone, Infestation Pit  
  110  8:24  Spire  
  109  8:37  Drone  
  110  8:41  Overlord  
  110  8:42  Overlord x3  
  110  8:45  Pneumatized Carapace  
  110  8:49  Hatchery  
  109  9:08  Hydralisk x2  
  109  9:09  Hydralisk x7, Roach x4  
  133  9:10  Roach x5  
  133  9:11  Zergling x2  
  133  9:12  Overlord  
  133  9:13  Overlord  
  133  9:15  Grooved Spines  
  133  9:16  Zerg Ground Armor Level 1  
  146  9:17  Spore Crawler  
  146  9:20  Spore Crawler  
  146  9:21  Hive  
  144  9:53  Hydralisk  
  144  9:54  Roach  
  144  9:55  Roach x7  
  144  9:56  Spore Crawler, Overlord x6  
  144  9:57  Spore Crawler  
  160  10:24  Zergling x24  
  172  10:34  Spore Crawler, Hatchery  
  170  10:41  Corruptor x4  
  178  11:16  Drone, Ultralisk Cavern  
  178  11:19  Zerg Ground Armor Level 2  
  178  11:23  Zergling x8  
  178  11:24  Zergling x30  
  197  11:41  Hydralisk  
  174  12:01  Zergling x2  
  174  12:02  Zergling x6  
  174  12:04  Ultralisk x3  
  174  12:08  Hydralisk  
  196  12:09  Roach  
  199  12:22  Ravager  
  199  12:23  Ravager  
  176  12:47  Hydralisk  
  176  12:48  Roach  
  176  12:49  Roach x16  
  166  13:02  Hydralisk  
  166  13:03  Roach x6  
  166  13:04  Roach x7  
  174  13:16  Hydralisk  
  174  13:17  Roach x4  
  172  13:37  Hydralisk  
  172  13:38  Roach x9  
  176  13:56  Hydralisk  
  176  13:57  Roach x4  
  176  13:58  Roach x4  
  166  14:21  Hydralisk  
  166  14:22  Roach x9  
Tags
 
Composition
Roach Hydra
Matchup
TvZ
Opening
Pool First
Spawn Locations
Cross Positions
Add a new tag
Caveats
  • Supply blocks, unpowered buildings, or Contaminate may cause inaccurate times.
  • Supply counts are checked every 10 seconds.